Map: Oxide LE

Players

Throwfordays - Winner!

  • Race: Terran Terran
  • League: Gold

LanceSkyBud

  • Race: Terran Terran
  • League: Silver

VOD

Have the link to the VOD?

Description

Time

  • Played on: Aug. 27, 2021, 8:35 p.m.
  • Length: 10:40
Show
View Real Time Build Order
Export as new Build Order

Throwfordays Terran - Winner!

Build Orders:  

Get SALT Encoding   

  12  0:00  SCV  
  13  0:16  Supply Depot  
  13  0:17  SCV  
  14  0:29  SCV  
  15  0:38  Barracks  
  15  0:43  Refinery  
  15  0:45  SCV  
  16  0:57  SCV  
  17  1:06  Supply Depot  
  17  1:09  SCV  
  18  1:21  SCV  
  19  1:26  Reaper  
  20  1:33  SCV  
  20  1:34  Barracks  
  20  1:35  Refinery  
  21  1:45  SCV  
  22  1:54  Barracks  
  22  1:57  SCV  
  22  1:59  Reaper  
  24  2:10  SCV  
  25  2:23  SCV  
  25  2:24  Supply Depot  
  26  2:40  Reaper x2  
  28  3:03  Reaper  
  29  3:12  Reaper  
  30  3:31  Reaper  
  31  4:15  Barracks Reactor x2  
  31  4:19  Barracks Reactor  
  31  4:29  Barracks Reactor  
  31  4:30  Barracks Reactor  
  31  5:01  Supply Depot  
  31  5:03  Supply Depot  
  31  5:07  Marine x2  
  31  5:08  Marine x4  
  31  5:13  Factory  
  37  5:17  SCV  
  37  5:18  Command Center  
  38  5:25  Marine x5  
  38  5:26  Marine  
  44  5:29  SCV  
  45  5:43  Marine x6  
  51  6:01  Marine x4  
  51  6:04  Factory Tech Lab  
  55  6:12  Supply Depot  
  55  6:14  Supply Depot  
  55  6:29  Marine x2  
  55  6:32  Siege Tank  
  60  6:36  Supply Depot x2  
  60  6:54  Factory  
  60  6:58  Refinery  
  60  7:01  Orbital Command  
  60  7:04  Orbital Command, Siege Tank  
  63  7:12  Refinery  
  63  7:36  Siege Tank  
  54  8:34  Factory Tech Lab  
  54  8:37  Siege Tank, Factory  
  57  8:59  Siege Tank  
  60  9:09  Siege Tank  
  45  10:22  Marine x3  
Show
View Real Time Build Order
Export as new Build Order

LanceSkyBud Terran 

Build Orders:  

Get SALT Encoding   

  12  0:01  SCV  
  13  1:07  Command Center  
  13  1:16  Supply Depot x2, Engineering Bay  
  13  1:23  SCV  
  14  1:25  Supply Depot  
  14  1:35  SCV  
  15  1:47  SCV  
  16  1:59  SCV  
  17  2:12  SCV  
  17  2:15  Barracks  
  18  2:24  SCV  
  18  2:31  Refinery  
  18  2:32  Refinery  
  18  2:36  SCV  
  18  2:48  SCV  
  19  3:00  SCV  
  5  4:25  SCV  
  6  4:40  Planetary Fortress  
  6  5:06  Engineering Bay  
  6  5:34  SCV  
  7  5:46  SCV  
  8  5:53  Factory  
  8  5:58  SCV  
  9  6:10  SCV  
  10  6:22  SCV  
  11  6:32  Supply Depot  
  11  6:35  SCV  
  13  6:47  SCV, Factory Tech Lab  
  13  7:04  Missile Turret  
  13  7:13  SCV  
  14  7:23  Marine  
  14  7:25  SCV  
  16  7:35  Siege Tank  
  19  8:08  Siege Tank  
  19  9:02  Siege Tank  
  22  9:34  Siege Tank  
Tags
 
Matchup
TvT
Race
Terran
Replay Pack
Multiplayer
Add a new tag
Caveats
  • Supply blocks, unpowered buildings, or Contaminate may cause inaccurate times.
  • Supply counts are checked every 10 seconds.